Map: Blackrock LE

Players

Halo - Winner!

  • Race: Zerg Zerg

A.I. 1 (Very Hard)

  • Race: Terran Terran

VOD

Have the link to the VOD?

Description

Time

  • Played on: Aug. 5, 2026, 3:58 p.m.
  • Length: 11:04
Show
View Real Time Build Order
Export as new Build Order

Halo Zerg - Winner!

Build Orders: Hatch First 

Get SALT Encoding   

  8  0:00  Drone  
  9  0:11  Drone  
  10  0:17  Drone  
  11  0:22  Drone  
  11  0:27  Extractor  
  11  0:30  Drone  
  13  0:40  Overlord  
  13  0:59  Drone x2  
  15  1:13  Drone  
  15  1:17  Hatchery  
  15  1:21  Drone  
  16  1:38  Extractor  
  15  1:40  Spawning Pool  
  15  1:42  Drone  
  15  1:46  Drone  
  16  1:48  Drone  
  16  1:53  Drone  
  18  2:01  Drone  
  19  2:12  Overlord  
  19  2:23  Drone  
  20  2:30  Queen  
  20  2:31  Queen  
  20  2:36  Zergling x2  
  25  2:37  Zergling x2  
  25  2:40  Drone  
  27  2:48  Drone  
  27  2:51  Overlord  
  28  2:58  Metabolic Boost  
  28  3:06  Drone x3  
  31  3:25  Hatchery  
  30  3:29  Overlord  
  30  3:34  Drone  
  30  3:35  Drone  
  30  3:37  Drone  
  30  3:39  Drone  
  34  3:44  Overlord  
  34  3:55  Overlord  
  34  4:00  Drone x5  
  39  4:15  Queen x2  
  43  4:25  Extractor, Drone x2  
  43  4:26  Baneling Nest, Drone  
  43  4:29  Drone  
  45  4:34  Drone x3  
  45  4:36  Drone  
  49  4:41  Zergling x4  
  49  4:42  Zergling x2  
  52  4:48  Overlord x2  
  52  4:51  Zergling x2  
  52  4:52  Zergling x2  
  54  4:54  Zergling x2  
  55  5:08  Zergling x10  
  55  5:09  Zergling x4  
  62  5:20  Drone x7  
  69  5:23  Drone  
  69  5:24  Drone  
  71  5:29  Drone  
  71  5:31  Drone  
  73  5:37  Drone x2  
  73  5:41  Drone  
  76  5:44  Drone  
  76  5:47  Overlord x2  
  77  5:50  Overlord  
  77  6:05  Zergling x18  
  86  6:22  Zergling x8  
  86  6:24  Overlord x3  
  90  6:26  Zergling x14  
  90  6:32  Lair  
  97  6:33  Drone, Evolution Chamber  
  97  6:34  Drone  
  97  6:35  Evolution Chamber  
  97  6:39  Zergling x2  
  98  6:53  Overlord x2  
  98  6:54  Overlord, Zergling x2  
  98  6:55  Zergling x18  
  98  7:00  Zergling x2  
  109  7:04  Drone x2  
  111  7:08  Zerg Melee Weapons Level 1, Zerg Ground Armor Level 1  
  111  7:10  Zergling x2  
  111  7:11  Hatchery  
  111  7:23  Hatchery, Overlord  
  111  7:24  Overlord x2  
  111  7:25  Zergling x18  
  111  7:27  Zergling x2  
  120  7:33  Zergling x2  
  120  7:36  Centrifugal Hooks, Zergling x2  
  122  8:02  Hatchery x2  
  122  8:03  Hydralisk Den  
  119  8:07  Infestation Pit, Drone x4  
  119  8:09  Overlord x3  
  119  8:11  Zergling x18  
  131  8:12  Baneling  
  131  8:13  Baneling x14  
  131  8:26  Drone  
  131  8:27  Drone x4  
  136  8:31  Drone x3  
  139  8:38  Muscular Augments  
  139  8:43  Drone  
  139  8:44  Extractor, Drone  
  139  8:45  Drone x2  
  143  8:48  Drone, Extractor  
  143  8:50  Drone x3  
  143  8:51  Zergling x10  
  143  8:52  Zergling x6  
  153  9:00  Queen  
  153  9:01  Queen  
  157  9:03  Zergling x14  
  164  9:11  Baneling  
  164  9:12  Baneling x4  
  165  9:24  Drone x5  
  165  9:25  Drone  
  170  9:31  Zergling x10  
  170  9:32  Zergling x30  
  187  9:42  Grooved Spines  
  187  9:47  Zergling x24  
  189  10:05  Zergling x10  
  189  10:06  Zergling x30  
  168  10:17  Drone  
  168  10:18  Drone x6  
  167  10:21  Zergling x2  
  154  10:45  Zergling x48  
Show
View Real Time Build Order
Export as new Build Order

A.I. 1 (Very Hard) Terran 

Build Orders:  

Get SALT Encoding   

  8  0:00  SCV  
  9  0:13  SCV  
  10  0:25  SCV  
  11  0:37  SCV  
  12  0:46  Supply Depot  
  12  0:49  SCV  
  13  0:57  Refinery  
  13  1:07  SCV  
  14  1:17  Barracks  
  14  1:19  SCV  
  15  1:32  SCV  
  16  1:44  SCV  
  17  1:56  SCV  
  18  2:05  Marine  
  18  2:08  SCV  
  20  2:09  Factory  
  20  2:17  Supply Depot  
  20  2:21  Orbital Command  
  20  2:29  Barracks  
  20  2:32  Marine  
  21  2:45  Refinery  
  21  2:46  SCV  
  21  2:50  Marine  
  23  2:59  SCV  
  23  3:01  Supply Depot  
  23  3:02  Factory Tech Lab  
  24  3:09  Marine  
  24  3:11  SCV  
  26  3:16  Marine  
  27  3:22  Siege Tank  
  27  3:25  SCV  
  31  3:28  Marine  
  32  3:34  Marine  
  32  3:37  SCV  
  34  3:41  Supply Depot  
  34  3:46  Marine  
  35  3:49  SCV  
  35  3:52  Marine  
  37  4:03  Siege Tank, SCV  
  41  4:15  SCV  
  42  4:26  Marine x2  
  42  4:27  Command Center  
  42  4:28  Supply Depot  
  44  4:45  Barracks Tech Lab  
  44  4:50  Marine  
  45  4:53  Barracks  
  45  4:55  Supply Depot  
  45  5:03  Marine  
  45  5:06  Stimpack  
  46  5:08  Barracks Reactor  
  46  5:12  Siege Tank  
  49  5:20  Marine  
  50  5:27  Supply Depot  
  50  5:35  Engineering Bay  
  50  5:39  Marauder  
  50  5:40  Barracks Tech Lab  
  52  5:44  Siege Tank  
  55  5:53  SCV  
  55  5:55  SCV  
  57  5:58  Combat Shield  
  57  6:00  Marauder  
  57  6:03  Marauder  
  57  6:04  Terran Infantry Weapons Level 1  
  61  6:05  SCV  
  61  6:09  SCV  
  63  6:17  SCV  
  64  6:21  SCV  
  64  6:22  Marauder  
  64  6:24  Engineering Bay  
  67  6:28  Marauder  
  67  6:29  SCV  
  70  6:33  SCV  
  71  6:41  SCV  
  71  6:43  Marauder  
  71  6:45  SCV  
  75  6:48  Supply Depot  
  75  6:49  Terran Infantry Armor Level 1  
  75  6:53  Marauder, SCV  
  78  6:57  SCV  
  79  7:04  Missile Turret, Marauder  
  79  7:05  SCV  
  82  7:09  SCV  
  82  7:12  Supply Depot  
  82  7:14  Concussive Shells, Marauder  
  85  7:18  SCV  
  85  7:21  SCV  
  87  7:26  Marauder, Missile Turret  
  89  7:30  SCV  
  89  7:31  Barracks  
  89  7:34  Orbital Command, Starport  
  90  7:40  Supply Depot  
  90  7:42  SCV  
  91  7:46  Marine x2  
  91  7:50  Marauder  
  95  7:54  SCV  
  96  8:00  Refinery  
  96  8:03  Supply Depot, Siege Tank  
  96  8:05  Marauder  
  101  8:11  Starport Reactor  
  101  8:12  Refinery  
  101  8:18  Missile Turret  
  101  8:23  SCV x2  
  103  8:27  Supply Depot  
  103  8:35  SCV  
  103  8:36  Widow Mine, SCV  
  103  8:38  Missile Turret  
  107  8:47  Medivac  
  109  8:49  Medivac, SCV  
  109  8:51  Supply Depot  
  112  8:57  Widow Mine  
  112  8:58  Missile Turret  
  112  9:01  Marine, Armory, Command Center  
  115  9:05  Marine  
  115  9:07  Marine  
  115  9:08  Marine  
  118  9:15  Supply Depot  
  118  9:18  Siege Tank  
  121  9:36  Armory  
  121  9:40  Supply Depot  
  121  9:50  Marine  
  121  9:51  Widow Mine  
  122  9:52  Marine  
  122  9:53  Marine  
  122  9:58  Marine  
  121  10:02  Marine  
  121  10:04  Supply Depot  
  90  10:08  Marine  
  90  10:10  Marine x2  
  90  10:12  Hellion  
  76  10:16  Marine  
  76  10:20  Marine  
  69  10:23  SCV  
  69  10:25  Marine  
  69  10:27  SCV  
  69  10:28  Marine x2  
  54  10:33  Hellion  
  54  10:34  Marine  
  42  10:36  SCV  
  42  10:38  Marine  
  16  10:43  Marine  
  16  10:48  SCV  
Tags
 
Add a new tag
Caveats
  • Supply blocks, unpowered buildings, or Contaminate may cause inaccurate times.
  • Supply counts are checked every 10 seconds.